 Dungeon Crawl Stone Soup version 0.30-a0-365-ge7f957f1db (webtiles) character file.

Game seed: 1791394542925445117

3189 funkygono the Thaumaturge (level 9, -4/57 HPs)
             Began as a Demonspawn Fire Elementalist on Nov 17, 2022.
             Was an Initiate of Vehumet.
             Slain by a killer bee (8 damage)
             ... on level 7 of the Dungeon.
             The game lasted 00:10:52 (5853 turns).

funkygono the Thaumaturge (DsFE)                    Turns: 5853, Time: 00:10:53

Health: -4/57      AC:  3    Str:  9    XL:     9   Next: 64%
Magic:  23/30      EV: 12    Int: 20    God:    Vehumet [......]
Gold:   288        SH:  0    Dex: 14    Spells: 15/25 levels left

rFire   + . .      SeeInvis .    I - +2 flail (protect)
rCold   x . .      Faith    .    (no shield)
rNeg    . . .      Spirit   .    a - +1 robe
rPois   .          Reflect  .    (no helmet)
rElec   .          Harm     .    (no cloak)
rCorr   .          Rampage  .    (no gloves)
Will    .....                    (no boots)
Stlth   ++........               (no amulet)
HPRegen 0.29/turn                i - ring of magical power
MPRegen 0.44/turn                E - ring of fire

@: no status effects
A: hooves 1, powered by pain 1, magic regeneration, demonic touch 1
a: Renounce Religion


You were on level 7 of the Dungeon.
You worshipped Vehumet.
Vehumet was noncommittal.
You visited 2 branches of the dungeon, and saw 9 of its levels.

You collected 288 gold pieces.

Inventory:

Hand Weapons
 c - a +0 short sword
 g - a +0 whip
 n - a +0 quarterstaff
 I - a +2 flail of protection (weapon)
Missiles
 H - a throwing net
Armour
 a - a +1 robe (worn)
 d - a +0 leather armour
 p - an orb of light
Magical Staves
 K - a staff of death
Jewellery
 i - a ring of magical power (left hand)
 m - a ring of protection from cold
 A - a ring of willpower
 E - a ring of fire (right hand)
 M - an amulet of regeneration
Wands
 B - a wand of polymorph (9)
 L - a wand of light (7)
Scrolls
 e - a scroll of magic mapping
 f - 2 scrolls of identify
 j - 3 scrolls of teleportation
 k - 2 scrolls of butterflies
 r - a scroll of torment
 v - 2 scrolls of enchant armour
 D - 2 scrolls of fear
Potions
 b - a potion of magic
 l - 3 potions of flight
 o - 2 potions of lignification
 s - 2 potions of heal wounds
 u - 3 potions of curing
 w - 4 potions of might
 x - 3 potions of attraction
 z - a potion of cancellation
 F - a potion of haste
 J - a potion of brilliance


   Skills:
 + Level 0.2 Fighting
 + Level 2.4 Dodging
 - Level 1.7 Stealth
 + Level 8.8 Spellcasting
 + Level 5.4 Conjurations
 + Level 7.9 Fire Magic


You had 15 spell levels left.
You knew the following spells:

 Your Spells              Type           Power      Damage    Failure   Level
a - Foxfire               Conj/Fire      100%       2x1d9     1%          1
b - Scorch                Fire           100%       2d10      1%          2
c - Kindle Blastsparks    Fire/Tloc/Air  58%        2d14      8%          3
d - Flame Wave            Conj/Fire      52%        2d13      4%          4

Your spell library contained the following spells:

 Spells                   Type           Power      Damage    Failure   Level
 Inner Flame              Hex/Fire       37%        N/A       4%          3


Dungeon Overview and Level Annotations

Branches:
Dungeon (8/15)             Temple (1/1) D:7
   Lair: D:8-11

Altars:
Ashenzari
Cheibriados
Fedhas
Gozag
Makhleb
Okawaru
Qazlal
Ru
Uskayaw
Vehumet
Yredelemnul

Shops:
D:1 (   D:2 =   D:4 *   D:7 *


Innate Abilities, Weirdness & Mutations

You have large cloven feet.
You sometimes gain a little power by taking damage.
You regenerate magic rapidly.
Your touch may inflict minor irresistible damage on your foes.


Message History

The flame wave engulfs the yak!
The yak is moderately wounded.
The yak completely misses you.
An ice beast comes into view.
A wave of flame ripples out!
The flame wave engulfs the yak!
The yak is severely wounded.
The flame wave engulfs the yak!
You kill the yak!
Vehumet accepts your kill.
The flame wave engulfs the killer bee!
The killer bee is heavily wounded.
You finish channelling waves of flame.
You hear a shout!
A killer bee comes into view.
The yak closely misses you.
You feel much better. The killer bee stings you!
* * * LOW HITPOINT WARNING * * *
The killer bee stings you but does no damage.
The yak closely misses you. The killer bee stings you!
* * * LOW HITPOINT WARNING * * *
The yak gores you but does no damage. The killer bee barely misses you.
The killer bee misses you.
You climb upwards.
There is a stone staircase leading down here.
Casting: Flame Wave (dangerous; 4% risk of failure)
Confirm with . or Enter, or press ? or * to list all spells.
Casting: Flame Wave (dangerous; 4% risk of failure)
Press: ? - help, Dir - look around, f - activate You feel a surge of power!
A wave of flame ripples out!
The flame wave engulfs the yak!
You kill the yak!
Vehumet accepts your kill.
The flame wave engulfs the killer bee.
The killer bee is severely wounded. (Press . to intensify the flame waves.)
The killer bee stings you.
* * * LOW HITPOINT WARNING * * *
The killer bee stings you!
You die...

...............#...........'.....
'########......#############.....
..#.....#....................####
..#.....#....................#...
..#.....#....................#...
..#.....#....................#...
..#.....#............(.......'...
###'#####....................#..#
..........#####.@y..#######+##..#
..........#...#.....#...........'
..........#...#.....'...........#
..........'...#.....#...........#
.....)....###+#.....########+##+#
######'#####.....>...............
...........#.....................
...........#.....................
...........#.....................


You could see a killer bee.

Vanquished Creatures
  A cyclops (D:6)
  An ugly thing (D:6)
  An unseen horror (D:6)
  5 yaks
  A water moccasin (D:7)
  An orc warrior (D:6)
  A sky beast (D:7)
  2 black bears (D:4)
  2 ogres
  A bullfrog (D:7)
  2 scorpions
  A killer bee (D:8)
  A howler monkey (D:5)
  2 jellies
  2 orc priests
  3 hounds
  3 iguanas
  Terence (D:2)
  5 orc wizards
  A mummy (D:6)
  6 gnolls
  6 adders
  A white imp (D:6)
  An ufetubus (D:4)
  4 worms
  4 dart slugs
  17 orcs
  5 ball pythons
  6 endoplasms
  3 giant cockroaches
  A goblin (D:2)
  2 hobgoblins
  10 kobolds
  6 quokkas
  A bat (D:2)
  5 frilled lizards
  2 rats (D:2)
117 creatures vanquished.

Vanquished Creatures (others)
  453 foxfires
453 creatures vanquished.

Grand Total: 570 creatures vanquished

Notes
Turn   | Place    | Note
-------+----------+-------------------------------------------
     0 | D:1      | funkygono the Demonspawn Fire Elementalist began the quest
                  | for the Orb.
     0 | D:1      | Reached XP level 1. HP: 13/13 MP: 3/3
   194 | D:1      | Found Xeal's Weapon Shop.
   668 | D:1      | Gained mutation: You regenerate magic rapidly. [demonic
                  | ancestry]
   668 | D:1      | Reached XP level 2. HP: 19/19 MP: 5/5
   908 | D:2      | Learned a level 2 spell: Scorch
  1147 | D:2      | Found Xeorewkuyz's Jewellery Shoppe.
  1263 | D:2      | Noticed Terence
  1274 | D:2      | Killed Terence
  1275 | D:2      | Reached XP level 3. HP: 20/24 MP: 0/7
  1279 | D:2      | Learned a level 3 spell: Kindle Blastsparks
  1629 | D:3      | Reached skill level 3 in Spellcasting
  1629 | D:3      | Reached XP level 4. HP: 28/30 MP: 8/8
  1909 | D:3      | Found a faded altar of an unknown god.
  2141 | D:3      | Gained mutation: You sometimes gain a little power by
                  | taking damage. [demonic ancestry]
  2141 | D:3      | Reached XP level 5. HP: 35/35 MP: 10/10
  2435 | D:4      | Found Nimuik's Needful Niceties.
  2500 | D:4      | Reached skill level 4 in Spellcasting
  2505 | D:4      | Learned a level 4 spell: Flame Wave
  2566 | D:4      | Noticed a black bear
  2571 | D:4      | Discovered your monstrous ancestry.
  2571 | D:4      | Gained mutation: Your touch may inflict minor irresistible
                  | damage on your foes. [demonic ancestry]
  2571 | D:4      | Reached XP level 6. HP: 20/41 MP: 12/12
  3059 | D:4      | Reached skill level 5 in Spellcasting
  3059 | D:4      | Gained mutation: You have large cloven feet. [demonic
                  | ancestry]
  3059 | D:4      | Reached XP level 7. HP: 46/46 MP: 14/14
  3215 | D:5      | Entered Level 5 of the Dungeon
  3446 | D:5      | Identified the +1 chain mail of the Heron {Dex+2}
  3515 | D:5      | Reached skill level 5 in Fire Magic
  4085 | D:6      | Reached skill level 6 in Spellcasting
  4155 | D:6      | Reached XP level 8. HP: 52/52 MP: 17/17
  4203 | D:6      | Noticed a brown ugly thing
  4208 | D:6      | HP: 2/52 [acid (7)]
  4209 | D:6      | Killed a brown ugly thing
  4258 | D:6      | Reached skill level 7 in Spellcasting
  4397 | D:6      | Found a snail-covered altar of Cheibriados.
  4406 | D:6      | Killed an unseen horror
  4752 | D:6      | Noticed a cyclops
  4763 | D:6      | Killed a cyclops
  4764 | D:6      | Reached XP level 9. HP: 57/57 MP: 20/20
  4896 | D:7      | Found a staircase to the Ecumenical Temple.
  4910 | Temple   | Entered the Ecumenical Temple
  4924 | Temple   | Became a worshipper of Vehumet
  4940 | D:7      | Reached skill level 8 in Spellcasting
  4955 | D:7      | Reached skill level 5 in Conjurations
  5124 | D:7      | Found Zexiv's Assorted Antiques.
  5278 | D:7      | Found an opulent altar of Gozag.
  5282 | D:7      | Found a stormy altar of Qazlal.
  5287 | D:7      | Found an iron altar of Okawaru.
  5853 | D:7      | Slain by a killer bee

Illustrated notes

Levels and vault maps discovered:
D:1:      mrwooster_arrival_arrow, layout_loops_ring, serial_shops,
          shop_fountains
D:2:      layout_loops_ring, serial_shops, nicolae_shop_hallway_plus,
          uniq_terence
D:3:      layout_rooms, lemuel_crystal_altar, hellmonk_ecumenical_altar_zigzags
D:4:      layout_gridville, nicolae_alphabet_shops
D:5:      layout_basic, minmay_quadrilaterals
D:6:      layout_rooms, slow_altar_1, kb_rosetta
D:7:      layout_gridville, elyvilon_altar_5, minitemple,
          minmay_temple_entry_large_hall, serial_shops,
          nicolae_shop_statue_plus, minmay_checkerbox
D:8:      layout_cave_pools, ebering_ghost_funeral_grove, uniq_gastronok,
          uniq_pikel, uniq_prince_ribbit1
Temple:   hellmonk_temple_two_chambers

Skill      XL: |  1  2  3  4  5  6  7  8  9 |
---------------+----------------------------+-----
Fire Magic     | 3 4 5 7 |  7.9
Spellcasting   | 3 4 5 6 7 8 |  8.8
Conjurations   | 2 3 4 5 |  5.4
Dodging        | 2 |  2.4
Fighting       | |  0.2
Stealth        | |  1.7

Action                   |  1- 3 |  4- 6 |  7- 9 || total
-------------------------+-------+-------+-------++-------
Melee: Short sword       |     1 |       |       ||     1
 Cast: Foxfire           |    50 |    94 |   120 ||   264
       Scorch            |    12 |    22 |    31 ||    65
       Flame Wave        |       |       |     4 ||     4
  Use: Scroll            |       |       |    20 ||    20
       Potion            |       |       |     1 ||     1
Armor: Robe              |     3 |     2 |     5 ||    10
Dodge: Dodged            |    14 |     2 |    15 ||    31

Table legend: (Time is in decaauts)
 A = Elapsed time spent in this place.
 B = Non-inter-level travel time spent in this place.
 C = Inter-level travel time spent in this place.
 D = Time resting spent in this place.
 E = Time spent auto-exploring this place.
 F = Levels seen in this place.
 G = Mean time per level.
                   A        B        C        D        E       F      G
               +--------+--------+--------+--------+--------+-----+--------+
         Total |   5848 |   5652 |    196 |    146 |   4701 |   9 |  649.8 |
       Dungeon |   5827 |   5637 |    190 |    146 |   4691 |   8 |  728.4 |
        Temple |     21 |     16 |      5 |      0 |     10 |   1 |   21.0 |
               +--------+--------+--------+--------+--------+-----+--------+

Top non-repeatable levels by time:
     D:6: 955 daAuts
     D:7: 941 daAuts
     D:1: 890 daAuts
     D:4: 793 daAuts
     D:3: 792 daAuts
     D:2: 735 daAuts
     D:5: 700 daAuts
  Temple: 21 daAuts
     D:8: 16 daAuts
